 Dungeon Crawl Stone Soup version 0.22-a0-305-gd21a89c538 (webtiles) character file.

39593 FollowTheCloud the Black Sun (level 13, 0/109 HPs)
             Began as a Demonspawn Necromancer on Mar 31, 2018.
             Was a High Priest of Kikubaaqudgha.
             Succumbed to a water moccasin's poison
             ... on level 6 of the Lair of Beasts.
             The game lasted 00:59:12 (19902 turns).

FollowTheCloud the Black Sun (DsNe)                Turns: 19902, Time: 00:59:13

Health: 0/109      AC:  8    Str: 10    XL:     13   Next: 70%
Magic:  17/28      EV: 17    Int: 20    God:    Kikubaaqudgha [*****.]
Gold:   915        SH:  0    Dex: 14    Spells: 7/34 levels left

rFire    + . .     SeeInvis +   l - +2 whip (elec)
rCold    . . .     Gourm    .   (no shield)
rNeg     + . .     Faith    .   a - +0 robe
rPois    .         Spirit   +   (helmet unavailable)
rElec    .         Reflect  .   (no cloak)
rCorr    .         Harm     .   X - +1 pair of gloves
MR       .....                  h - +1 pair of boots
Stlth    ++........             (no amulet)
HPRegen  0.28/turn              m - ring of protection from fire
MPRegen  0.42/turn              (no ring)

@: lethally poisoned (0 -> -11)
A: antennae 3, slimy green scales 1, negative energy resistance 1, spiny 1,
magic shield, magic regeneration, magic link
a: Receive Corpses, Torment, Renounce Religion


You were on level 6 of the Lair of Beasts.
You worshipped Kikubaaqudgha.
Kikubaaqudgha was extremely pleased with you.
You were not hungry.

You visited 3 branches of the dungeon, and saw 17 of its levels.

You collected 1110 gold pieces.
You spent 195 gold pieces at shops.

Inventory:

Hand Weapons
 l - a +2 whip of electrocution (weapon)
Missiles
 k - 553 stones (quivered)
Armour
 a - a +0 robe (worn)
 h - a +1 pair of boots (worn)
 X - a +1 pair of gloves (worn)
Jewellery
 m - a ring of protection from fire (left hand)
 r - a +6 ring of strength {unknown}
 L - a +5 ring of evasion {unknown}
 Q - an uncursed ring of protection from magic {unknown}
 T - an uncursed ring of flight {unknown}
 U - an uncursed ring of positive energy {unknown}
 V - an uncursed ring of protection from cold {unknown}
 W - an uncursed ring of ice {unknown}
Wands
 t - a wand of clouds (5)
 y - a wand of polymorph (7)
 E - a wand of iceblast (21)
 H - a wand of disintegration (34)
 I - a wand of flame (14)
 N - a wand of enslavement (6)
 R - a wand of acid (5)
Scrolls
 b - 6 scrolls of remove curse
 d - 8 scrolls of teleportation
 i - 4 scrolls of magic mapping {unknown}
 j - 2 scrolls of enchant armour {unknown}
 n - 9 scrolls of identify
 o - a scroll of immolation {unknown}
 v - 2 scrolls of amnesia {unknown}
 x - 3 scrolls of enchant weapon {unknown}
 B - 2 scrolls of fog {unknown}
 F - a scroll of acquirement {unknown}
 G - 3 scrolls of holy word {unknown}
 J - a scroll of summoning
 K - a scroll of blinking {unknown}
 M - a scroll of fear {unknown}
 O - 2 scrolls of random uselessness {unknown}
 S - a scroll of noise {unknown}
Potions
 e - 2 potions of invisibility {unknown}
 f - 2 potions of flight {unknown}
 g - a potion of ambrosia {unknown}
 p - a potion of brilliance {unknown}
 q - 3 potions of lignification {unknown}
 s - 9 potions of curing {unknown}
 u - 3 potions of heal wounds {unknown}
 w - a potion of degeneration {unknown}
 z - 2 potions of berserk rage {unknown}
 A - 4 potions of might {unknown}
 C - a potion of resistance {unknown}
 D - 2 potions of cancellation {unknown}
 P - a potion of agility {unknown}
 Y - a potion of mutation {unknown}
Comestibles
 c - 23 rations
 Z - 4 chunks of flesh


   Skills:
 + Level 12.8 Fighting
 + Level 7.6 Dodging
 - Level 1.7 Stealth
 + Level 11.4 Spellcasting
 + Level 14.4 Necromancy
 - Level 4.1 Earth Magic


You had 7 spell levels left.
You knew the following spells:

 Your Spells              Type           Power        Failure   Level  Hunger
a - Pain                  Necr           ####         0%          1    None
b - Animate Skeleton      Necr           N/A          0%          1    None
c - Vampiric Draining     Necr           ######....   1%          3    None
d - Regeneration          Chrm/Necr      #####.....   1%          3    None
e - Animate Dead          Necr           N/A          1%          4    ##.....
w - Dispel Undead         Necr           ######..     1%          5    ####...
x - Agony                 Necr           ######..     1%          5    ####...
z - Borgnjor's Vile Clut  Necr/Erth      #####.....   3%          5    ####...


Dungeon Overview and Level Annotations

Branches:
Dungeon (10/15)            Temple (1/1) D:5            Lair (6/6) D:9
  Swamp (0/4) Lair:4       Spider (0/4) Lair:4        Slime (0/5) Lair:5
    Orc (0/2) D:9

Altars:
Ashenzari
Cheibriados
Dithmenos
Elyvilon
Fedhas
Gozag
Hepliaklqana
Kikubaaqudgha
Makhleb
Nemelex Xobeh
Okawaru
Qazlal
Ru
Sif Muna
Trog
Uskayaw
Vehumet
Wu Jian
Xom
Yredelemnul
Zin
The Shining One
Jiyva

Shops:
D:6 }*   D:7 !

Annotations:
D:5 exclusions: 2 doors and 1 more exclusion, Grinder, Sigmund


Innate Abilities, Weirdness & Mutations

You have a pair of large antennae on your head. (SInv)
You are partially covered in slimy green scales. (AC +2)
You resist negative energy. (rN+)
You are partially covered in sharp spines.
When hurt, damage is shared between your health and your magic reserves.
You regenerate magic rapidly.
When low on magic, you restore magic in place of health.


Message History

You feel very sick.
You see here a water moccasin corpse.
You swap places.
You feel yourself speed up.
You feel very sick.
You see here a hornet corpse.
You swap places.
Your skin is crawling a little less now.
You feel sick.
You feel sick.
Your water moccasin skeleton bites the plant.
You feel sick.
Your water moccasin skeleton bites the plant.
You feel sick.
You see here a guardian serpent corpse.
You swap places.
You feel sick.
You swap places.
Your skin stops crawling.
You die...
Kikubaaqudgha rasps: "You have failed me!
Welcome... death!"

#...P###... { {
##...P.....{ #.$ .#
#......... #..# ..
#.....P... #...# ..
##....P..##...# #.
#.....###....# #.
##....Z##....# .. #
#....ZZPP....# .P.
# {
#...%.@Z....##....
#
#..............$..
..
##.......††....<...
..
#.......##...##....
.# #.......######
#.. #.......#
...........# #
#............ .
...........##..


You could see a friendly komodo dragon zombie, a friendly black mamba zombie, a
friendly wyvern zombie and a friendly water moccasin skeleton.

Vanquished Creatures
  Rupert (Lair:5)
  The ghost of meguca1 the Bludgeoner, a journeyman MiBe of Trog (Lair:3)
  4 hydras
  2 two-headed ogres
  3 death yaks (Lair:5)
  A skeletal warrior (D:9)
  An elephant (Lair:5)
  Joseph (D:9)
  7 spiny frogs
  5 black mambas
  2 rime drakes
  2 komodo dragons
  A troll (D:8)
  A merfolk (D:9)
  2 hornets
  A jumping spider (Lair:4)
  The ghost of FollowTheCloud the Tormented, an amateur DsNe of Kikubaaqudgha (D:4)
  6 polar bears
  5 hippogriffs
  8 dream sheep
  4 blink frogs
  A redback (Lair:6)
  A fire elemental (Lair:3)
  8 wyverns (Lair:6)
  14 fire bats (Lair:3)
  25 yaks
  A hungry ghost (D:9)
  2 basilisks
  A steam dragon (D:7)
  2 insubstantial wisps (D:7)
  14 water moccasins
  7 porcupines
  2 orc warriors
  A black bear (Lair:3)
  6 sky beasts
  2 phantoms
  2 ogres
  2 centaurs
  6 crocodiles
  A big kobold (D:7)
  12 bullfrogs
  2 scorpions
  3 killer bees (D:6)
  4 wights (D:9)
  The ghost of cirnu the Chopper, a weakling DsGl (D:3)
  An electric eel (Lair:1)
  A howler monkey (D:7)
  2 lava snakes (Lair:3)
  5 crimson imps
  3 hounds
  3 jellies
  5 orc priests
  6 iguanas
  A centaur skeleton (D:7)
  9 orc wizards
  5 worker ants
  3 hound zombies
  Robin (D:3)
  A worker ant zombie (D:8)
  15 adders
  4 gnolls
  3 shadow imps
  An ooze (D:1)
  2 adder skeletons
  3 worms
  5 leopard geckos
  33 orcs
  8 bats
  6 giant cockroaches
  13 goblins
  10 hobgoblins
  4 jackals (D:3)
  4 kobolds
  7 quokkas
  3 ball pythons
  11 frilled lizards
  A jackal skeleton (D:4)
  A leopard gecko skeleton (D:7)
  4 rats
  A fungus (Lair:3)
  A plant (Lair:6)
365 creatures vanquished.

Vanquished Creatures (collateral kills)
  Gastronok (Lair:1)
  A death yak (Lair:5)
  A guardian serpent (Lair:6)
  A black mamba (Lair:4)
  4 spiny frogs
  2 komodo dragons
  2 polar bears (Lair:5)
  2 hippogriffs
  A hornet (Lair:6)
  3 dream sheep (Lair:5)
  5 yaks
  2 wyverns (Lair:6)
  A fire bat (Lair:3)
  4 water moccasins
  A porcupine (Lair:2)
  An orc warrior (D:9)
  An ogre (D:9)
  3 wolves (Lair:4)
  A crocodile (Lair:4)
  A bullfrog (D:6)
  A jelly (D:6)
  An orc priest (D:3)
  An adder (D:2)
  A shadow imp (D:9)
  A hobgoblin (D:1)
  4 goblins
  3 fungi
  3 plants
53 creatures vanquished.

Vanquished Creatures (others)
  12 fungi
  7 plants
19 creatures vanquished.

Grand Total: 437 creatures vanquished

Notes
Turn   | Place    | Note
-------+----------+-------------------------------------------
     0 | D:1      | FollowTheCloud the Demonspawn Necromancer began the quest for the Orb.
     0 | D:1      | Reached XP level 1. HP: 13/13 MP: 3/3
   271 | D:1      | Learned a level 1 spell: Animate Skeleton
   338 | D:1      | Gained mutation: When hurt, damage is shared between your health and your magic reserves. [demonic ancestry]
   338 | D:1      | Reached XP level 2. HP: 6/20 MP: 1/5
   990 | D:1      | Reached skill level 1 in Fighting
  1232 | D:2      | Gained mutation: You regenerate magic rapidly. [demonic ancestry]
  1232 | D:2      | Reached XP level 3. HP: 25/26 MP: 3/6
  1406 | D:2      | Learned a level 3 spell: Vampiric Draining
  1582 | D:2      | Found a sparkling altar of Nemelex Xobeh.
  1717 | D:2      | Reached skill level 5 in Necromancy
  1773 | D:2      | Gained mutation: You are partially covered in sharp spines. [demonic ancestry]
  1773 | D:2      | Reached XP level 4. HP: 31/33 MP: 5/8
  2043 | D:2      | Found a faded altar of an unknown god.
  2259 | D:3      | Noticed cirnu's ghost (weakling DsGl)
  2267 | D:3      | Killed cirnu's ghost
  2267 | D:3      | Reached XP level 5. HP: 27/39 MP: 6/9
  2405 | D:3      | Found a glowing golden altar of the Shining One.
  2406 | D:3      | Found a radiant altar of Vehumet.
  2412 | D:3      | Found a basalt altar of Yredelemnul.
  2412 | D:3      | Found a hide-covered altar of Uskayaw.
  2416 | D:3      | Found a sacrificial altar of Ru.
  2611 | D:3      | Noticed Robin
  2618 | D:3      | Killed Robin
  2845 | D:3      | Learned a level 3 spell: Regeneration
  3026 | D:3      | Reached XP level 6. HP: 47/47 MP: 9/11
  3511 | D:4      | Found a shattered altar of Ashenzari.
  3624 | D:4      | Learned a level 4 spell: Animate Dead
  3675 | D:4      | Reached skill level 6 in Necromancy
  4155 | D:4      | Noticed FollowTheCloud's ghost (amateur DsNe)
  4487 | D:4      | Killed FollowTheCloud's ghost
  4487 | D:4      | Gained mutation: You have a pair of small antennae on your head. [demonic ancestry]
  4487 | D:4      | Reached XP level 7. HP: 37/54 MP: 13/13
  4775 | D:5      | Entered Level 5 of the Dungeon
  4849 | D:5      | Found a staircase to the Ecumenical Temple.
  4963 | Temple   | Entered the Ecumenical Temple
  5026 | Temple   | Became a worshipper of Kikubaaqudgha
  5257 | D:5      | Noticed Grinder
  5367 | D:5      | Noticed Sigmund
  5407 | D:6      | Reached skill level 7 in Necromancy
  5429 | D:6      | Found Axzus's Serpentskin Sales.
  5442 | D:6      | Reached skill level 5 in Fighting
  5442 | D:6      | Reached skill level 5 in Spellcasting
  5772 | D:6      | Gained mutation: You are partially covered in slimy green scales. (AC +2) [demonic ancestry]
  5772 | D:6      | Reached XP level 8. HP: 59/62 MP: 12/15
  5831 | D:6      | Found Xautuupp's Gadget Shop.
  5834 | D:6      | Bought a wand of iceblast (9) for 195 gold pieces
  6626 | D:7      | Reached skill level 8 in Necromancy
  6892 | D:7      | Reached * piety under Kikubaaqudgha
  6892 | D:7      | Identified Kikubaaqudgha's Tome of Dark Magic (Kikubaaqudgha gifted it to you on level 7 of the Dungeon)
  6892 | D:7      | Received a gift from Kikubaaqudgha
  7096 | D:7      | Gained mutation: You have a pair of antennae on your head. [demonic ancestry]
  7096 | D:7      | Reached XP level 9. HP: 46/71 MP: 10/18
  7463 | D:7      | Found a shadowy altar of Dithmenos.
  7464 | D:7      | Found Seuhaoqo's Distillery.
  7469 | D:7      | Reached skill level 9 in Necromancy
  8220 | D:8      | Reached ** piety under Kikubaaqudgha
  8316 | D:8      | Noticed a two-headed ogre
  8574 | D:8      | Noticed a two-headed ogre
  9614 | D:9      | Reached skill level 10 in Necromancy
  9736 | D:9      | Paralysed by a hornet for 1 turns
  9739 | D:9      | Gained mutation: You have a pair of large antennae on your head. (SInv) [demonic ancestry]
  9739 | D:9      | Reached XP level 10. HP: 72/81 MP: 9/21
  9868 | D:9      | Noticed a skeletal warrior
 10280 | D:8      | Killed a two-headed ogre
 10350 | D:9      | Found a staircase to the Lair.
 10355 | Lair:1   | Entered Level 1 of the Lair of Beasts
 10355 | Lair:1   | Noticed a spiny frog
 10364 | Lair:1   | Killed a spiny frog
 10382 | Lair:1   | Noticed a spiny frog
 10648 | Lair:1   | Killed a spiny frog
 11063 | D:9      | Reached skill level 11 in Necromancy
 11105 | D:9      | Noticed a two-headed ogre
 11117 | D:9      | Killed a two-headed ogre
 11542 | Lair:1   | Noticed Gastronok
 11557 | Lair:1   | Killed Gastronok
 11557 | Lair:1   | Reached XP level 11. HP: 76/90 MP: 13/24
 11710 | Lair:1   | Reached skill level 10 in Fighting
 12110 | Lair:2   | Noticed a four-headed hydra
 12130 | Lair:2   | Killed a four-headed hydra
 12570 | Lair:2   | Reached skill level 12 in Necromancy
 12854 | Lair:3   | Reached *** piety under Kikubaaqudgha
 12854 | Lair:3   | Identified Kikubaaqudgha's Tome of Evil Rites (Kikubaaqudgha gifted it to you on level 3 of the Lair of Beasts)
 12854 | Lair:3   | Received a gift from Kikubaaqudgha
 12864 | Lair:3   | Learned a level 5 spell: Borgnjor's Vile Clutch
 12870 | Lair:3   | Learned a level 5 spell: Dispel Undead
 12985 | D:9      | Found a stormy altar of Qazlal.
 12988 | D:9      | Found a staircase to the Orcish Mines.
 13058 | D:9      | Reached skill level 1 in Earth Magic
 13228 | D:9      | Killed a skeletal warrior
 13422 | D:9      | Noticed Joseph
 13441 | D:10     | Entered Level 10 of the Dungeon
 13474 | D:9      | Killed Joseph
 13947 | Lair:1   | Noticed a five-headed hydra
 13974 | Lair:1   | Killed a five-headed hydra
 14618 | Lair:3   | Noticed meguca1's ghost (journeyman MiBe)
 14653 | Lair:3   | Killed meguca1's ghost
 14653 | Lair:3   | Gained mutation: You resist negative energy. (rN+) [demonic ancestry]
 14653 | Lair:3   | Reached XP level 12. HP: 100/100 MP: 2/25
 15241 | Lair:3   | Reached **** piety under Kikubaaqudgha
 15526 | Lair:3   | Reached skill level 13 in Necromancy
 15575 | Lair:3   | Reached skill level 10 in Spellcasting
 16037 | Lair:3   | Reached skill level 5 in Dodging
 16598 | Lair:4   | Found a staircase to the Swamp.
 17217 | Lair:4   | Found a hole to the Spider Nest.
 17751 | Lair:5   | Identified Sif Muna's Reference Book on Warped Ice
 17755 | Lair:5   | Noticed a death yak
 17756 | Lair:5   | Noticed a death yak
 17756 | Lair:5   | Noticed a death yak
 17757 | Lair:5   | Noticed a death yak
 17773 | Lair:5   | Killed a death yak
 17773 | Lair:5   | Killed a death yak
 17800 | Lair:5   | Killed a death yak
 17807 | Lair:5   | Killed a death yak
 17904 | Lair:5   | Reached ***** piety under Kikubaaqudgha
 17906 | Lair:5   | Gained mutation: When low on magic, you restore magic in place of health. [demonic ancestry]
 17906 | Lair:5   | Reached XP level 13. HP: 100/108 MP: 9/27
 17985 | Lair:5   | Found a viscous altar of Jiyva.
 17987 | Lair:5   | Found a staircase to the Slime Pits.
 18523 | Lair:5   | Noticed Rupert
 18552 | Lair:5   | Paralysed by Rupert for 7 turns
 18563 | Lair:5   | Killed Rupert
 18601 | Lair:5   | Reached skill level 14 in Necromancy
 18972 | Lair:6   | Entered Level 6 of the Lair of Beasts
 19541 | Lair:6   | Learned a level 5 spell: Agony
 19898 | Lair:6   | HP: 5/109 [poisoned by a water moccasin]
 19901 | Lair:6   | HP: 2/109 [poisoned by a water moccasin]
 19902 | Lair:6   | Succumbed to a water moccasin's poison

Vault maps used:
D:1:      dpeg_arrival_three_smaller_balls, minmay_misc_feat_alley
D:2:      nemelex_xobeh_ov_fountains_minmay, chequers_ecumenical_altar_island
D:3:      minitemple, grunt_ministairs_12, uniq_robin
D:4:      ashenzari_altar_1
D:5:      lemuel_insect_pit, minmay_temple_entry_glass, first_ration,
          hangedman_decor_growths, uniq_sigmund, uniq_grinder
D:6:      serial_shops, kennysheep_mini_moat, guppyfry_shop_venom
D:7:      lemuel_crystal_altar, serial_shops, nicolae_shop_crystal,
          hangedman_misty_isle
D:8:      hangedman_cross_stitches
D:9:      cheibrodos_fzero, kennysheep_little_box, serial_shops, shop_statue,
          hangedman_fish_farm, minmay_large_rounded_square, uniq_joseph
D:10:     basic_altar, fedhas_altar_1, uniq_erica
Temple:   nicolae_temple_figure_eight
Lair:1:   lemuel_fruit_tree, uniq_gastronok
Lair:2:   guppyfry_lair_drakes, infiniplex_staircase_pool
Lair:4:   minmay_swamp_entry_reptiles, spider_nest_entry_rubble
Lair:5:   slime_altar_1, columned_hall_lemuel, beast_lair_carwin_8, uniq_rupert
Lair:6:   hangedman_lair_in_review, hangedman_lair_tendril_chambers

Skill      XL: |  1  2  3  4  5  6  7  8  9 10 11 12 13 |
---------------+----------------------------------------+-----
Fighting       | 1 2 3 4 5 6 8 9 11 12 | 12.8
Necromancy     | 5 6 7 8 10 11 12 13 14 | 14.4
Spellcasting   | 3 4 5 6 7 9 10 11 | 11.4
Dodging        | 3 6 7 |  7.6
Earth Magic    | 3 4 |  4.1
Stealth        | |  1.7

Action                   |  1- 3 |  4- 6 |  7- 9 | 10-12 | 13-15 || total
-------------------------+-------+-------+-------+-------+-------++-------
Melee: Unarmed           |     2 |       |       |       |       ||     2
       Whip              |       |    65 |   227 |   185 |    58 ||   535
Throw: Stone             |     1 |     1 |     3 |     1 |       ||     6
 Cast: Pain              |    58 |    63 |    83 |   120 |    36 ||   360
       Animate Skeleton  |    11 |    29 |    23 |    29 |    14 ||   106
       Vampiric Draining |       |     5 |    39 |    87 |    29 ||   160
       Regeneration      |       |     1 |     2 |     5 |     3 ||    11
       Animate Dead      |       |       |     8 |    12 |    10 ||    30
       Dispel Undead     |       |       |       |    13 |       ||    13
       Borgnjor's Vile C |       |       |       |    27 |    25 ||    52
       Agony             |       |       |       |       |     5 ||     5
Invok: Receive Corpses   |       |       |     1 |     1 |       ||     2
Evoke: Wand              |       |       |       |     5 |       ||     5
  Use: Scroll            |       |       |     5 |       |       ||     5
 Stab: Sleeping          |       |     2 |       |     2 |     1 ||     5
       Distracted        |       |       |       |     1 |       ||     1
  Eat: Chunk             |     3 |     9 |    19 |    24 |     5 ||    60
       Ration            |       |       |       |     3 |     2 ||     5
Armor: Robe              |     6 |    14 |    70 |    81 |    20 ||   191
Dodge: Dodged            |    13 |    34 |   156 |   231 |    79 ||   513

Table legend:
 A = Spawn XP
 B = Non-spawn XP
 C = Spawn XP percentage of total XP
 D = Spawn monster count
 E = Non-spawn monster count
 F = Spawn count percentage of total count
 G = Total turns spent on level
                    A         B        C        D         E        F      G
               +---------+---------+-------+---------+---------+-------+---------
         Total |       0 |   56562 |   0.0 |       0 |     410 |   0.0 | 19902
               +---------+---------+-------+---------+---------+-------+---------
           D:1 |       0 |      24 |   0.0 |       0 |      13 |   0.0 |  1107
           D:2 |       0 |     114 |   0.0 |       0 |      28 |   0.0 |  1108
           D:3 |       0 |     278 |   0.0 |       0 |      46 |   0.0 |  1467
           D:4 |       0 |     486 |   0.0 |       0 |      13 |   0.0 |  1093
           D:5 |       0 |     184 |   0.0 |       0 |      11 |   0.0 |   386
           D:6 |       0 |     920 |   0.0 |       0 |      23 |   0.0 |  1226
           D:7 |       0 |    1932 |   0.0 |       0 |      39 |   0.0 |  2042
           D:8 |       0 |    2334 |   0.0 |       0 |      28 |   0.0 |  1398
           D:9 |       0 |    5222 |   0.0 |       0 |      44 |   0.0 |  1971
        Lair:1 |       0 |    5033 |   0.0 |       0 |      12 |   0.0 |  1463
        Lair:2 |       0 |    4030 |   0.0 |       0 |      18 |   0.0 |  1252
        Lair:3 |       0 |    8360 |   0.0 |       0 |      36 |   0.0 |  1300
        Lair:4 |       0 |    4054 |   0.0 |       0 |      21 |   0.0 |  1545
        Lair:5 |       0 |   12780 |   0.0 |       0 |      36 |   0.0 |  1387
        Lair:6 |       0 |   10811 |   0.0 |       0 |      42 |   0.0 |   930
               +---------+---------+-------+---------+---------+-------+---------
